 Dungeon Crawl Stone Soup version 0.20.0-15-g7f486f2 (webtiles) character file.

355 Kosschaser the Slasher (level 6, -6/32 HPs)
             Began as a Vine Stalker Fighter on June 17, 2017.
             Killed by divine providence
             ... invoked by an orc priest
              (12 damage)
             ... on level 4 of the Dungeon.
             The game lasted 00:08:02 (1943 turns).

Kosschaser the Slasher (Vine Stalker Fighter)       Turns: 1943, Time: 00:08:03

Health: -6/32      AC: 10    Str: 18    XL:     6   Next: 63%
Magic:  0/7        EV:  7    Int:  8    God:
Gold:   90         SH:  9    Dex: 16    Spells: 5/5 levels left

rFire    . . .     SeeInvis .   a - +0 long sword
rCold    . . .     Gourm    .   c - +0 shield
rNeg     . . .     Faith    .   b - +0 scale mail
rPois    +         Spirit   +   (no helmet)
rElec    .         Reflect  .   p - +2 cloak
rCorr    .         Harm     .   (no gloves)
MR       .....                  (no boots)
Stlth    ..........             (no amulet)
Regen    0.5/turn               n - ring of poison resistance
MPRegen  0.1/turn               (no ring)

@: no status effects
A: fangs 2, regeneration 1, magic shield, antimagic bite, no potion heal 3, rot
immunity
a: no special abilities


You were on level 4 of the Dungeon.
You were not hungry.

You visited 2 branches of the dungeon, and saw 5 of its levels.

You collected 90 gold pieces.

Inventory:

Hand Weapons
 a - a +0 long sword (weapon)
Armour
 b - a +0 scale mail (worn)
 c - a +0 shield (worn)
 p - a +2 cloak (worn)
Jewellery
 n - a ring of poison resistance (left hand)
 q - an uncursed ring of magical power {unknown}
Wands
 m - a wand of digging (11/24)
 u - a wand of flame (26/48)
Scrolls
 e - a scroll of teleportation {unknown}
 h - 3 scrolls of identify {unknown}
 o - a scroll of blinking {unknown}
 r - a scroll of remove curse {unknown}
Potions
 d - a potion of might
 j - a potion of ambrosia {unknown}
 k - 3 potions of heal wounds {unknown}
 l - a potion of lignification {unknown}
 s - a potion of brilliance {unknown}
 t - a potion of curing {unknown}
Comestibles
 f - a bread ration
 g - 3 meat rations
 i - a royal jelly


   Skills:
 + Level 3.5 Fighting
 + Level 4.1 Long Blades
 + Level 3.6 Armour
 + Level 0.7 Dodging
 + Level 3.5 Shields


You had 5 spell levels left.
You didn't know any spells.

Dungeon Overview and Level Annotations

Branches:
Dungeon (4/15)             Temple (1/1) D:4

Altars:
Ashenzari
Elyvilon
Hepliaklqana
Qazlal
Ru
Trog
Uskayaw
Vehumet
Xom
Yredelemnul
Zin


Innate Abilities, Weirdness & Mutations

You have extremely sharp teeth.
Your natural rate of healing is unusually fast.
When hurt, damage is shared between your health and your magic reserves.
Your bite disrupts and absorbs the magic of your enemies.
Potions cannot restore your health.
You are immune to rotting.


Message History

Your shield and scale mail prevent you from hitting the orc priest.
The orc priest is lightly wounded.
You block the orc priest's attack.
You hit the orc priest. You bite the orc priest. You drain its power.
You feel invigorated.
The orc priest is severely wounded.
You block the orc priest's attack. x2
You barely miss the orc priest.
The orc priest is severely wounded.
The orc priest miscasts a cantrip.
You hit the orc priest. Your bite misses the orc priest.
The orc priest is almost dead.
The orc priest mumbles some strange prayers to Beogh against you.
Beogh smites you!
* * * LOW HITPOINT WARNING * * *
You closely miss the orc priest.
The orc priest is almost dead.
The orc priest mumbles some strange prayers to Beogh against you.
Beogh smites you!
You die...

## .#### .... #..
.. ..# #o# #.##..#
### #@#. .....#
#.. #.#.###...#
#.# # #.#.......#
#.# # #.###.#...##
#.###
#..........###....
+.................
####.......###(...
##.#...## #.###
####.## #.##.


You could see an orc priest.

Vanquished Creatures
  An ogre (D:4)
  A centaur skeleton (D:3)
  Jessica (D:2)
  An orc wizard (D:4)
  A worker ant (D:4)
  Robin (D:2)
  8 adders
  An ooze (D:2)
  2 worms (D:2)
  2 leopard geckos
  5 orcs (D:4)
  12 goblins
  8 hobgoblins
  4 jackals (D:2)
  3 kobolds
  2 quokkas
  7 bats
  3 frilled lizards
  7 rats
70 creatures vanquished.

Notes
Turn   | Place    | Note
-------+----------+-------------------------------------------
     0 | D:1      | Kosschaser the Vine Stalker Fighter began the quest for the Orb.
     0 | D:1      | Reached XP level 1. HP: 11/11 MP: 2/2
   233 | D:1      | Reached skill level 2 in Long Blades
   233 | D:1      | Reached XP level 2. HP: 16/16 MP: 3/3
   617 | D:2      | Noticed Jessica
   623 | D:2      | Killed Jessica
   623 | D:2      | Reached XP level 3. HP: 16/20 MP: 4/4
   631 | D:2      | Noticed Robin
   643 | D:2      | Gained mutation: Your natural rate of healing is unusually fast. [Vine Stalker growth]
   643 | D:2      | Reached XP level 4. HP: 7/24 MP: 1/5
   728 | D:2      | Killed Robin
   952 | D:2      | Reached skill level 3 in Long Blades
   952 | D:2      | Reached XP level 5. HP: 28/28 MP: 6/6
  1040 | D:2      | Found a white marble altar of Elyvilon.
  1041 | D:2      | Found a radiant altar of Vehumet.
  1493 | D:4      | Noticed an ogre
  1556 | D:4      | Killed an ogre
  1556 | D:4      | Reached XP level 6. HP: 15/32 MP: 5/7
  1597 | D:4      | Reached skill level 4 in Long Blades
  1718 | D:4      | Found a staircase to the Ecumenical Temple.
  1759 | Temple   | Entered the Ecumenical Temple
  1943 | D:4      | Killed from afar by an orc priest

Skill      XL: |  1  2  3  4  5  6 |
---------------+-------------------+-----
Long Blades    | 2 3 4 |  4.1
Fighting       | 3 |  3.5
Shields        | 3 |  3.5
Armour         | 3 |  3.6
Dodging        | |  0.7

Action                   |  1- 3 |  4- 6 || total
-------------------------+-------+-------++-------
Melee: Long sword        |    52 |   174 ||   226
       Bite              |    12 |    62 ||    74
  Eat: Chunk             |       |     4 ||     4
Armor: Scale mail        |    22 |    69 ||    91
Dodge: Dodged            |    24 |    44 ||    68
Block: Shield            |    31 |    82 ||   113
       Rpst.: Long sword |     5 |    12 ||    17
